 Dungeon Crawl Stone Soup version 0.29-a0-322-g68df515428 (webtiles) character file.

Game seed: 485997714633257866

3 avis the Skirmisher (level 1, -3/10 (20) HPs)
             Began as a Hill Orc Monk on Apr 10, 2022.
             Slain by a kobold
             ... wielding a +2 dagger of draining
              (4 damage)
             ... on level 1 of the Dungeon.
             The game lasted 00:01:08 (105 turns).

avis the Skirmisher (Hill Orc Monk)                  Turns: 105, Time: 00:01:08

HP:   -3/10 (20)    AC:  2    Str: 13    XL:     1   Next: 50%
MP:   1/1           EV: 12    Int: 10    God:
Gold: 6             SH:  0    Dex: 13    Spells: 0/0 levels left

rFire   . . .      SeeInvis .     - Unarmed
rCold   . . .      Faith    .   (no shield)
rNeg    . . .      Spirit   .   a - +0 robe
rPois   .          Reflect  .   (no helmet)
rElec   .          Harm     .   (no cloak)
rCorr   .          Rampage  .   (no gloves)
Will    .....                   (no boots)
Stlth   ++........              (no amulet)
HPRegen 0.03/turn               (no ring)
MPRegen 0.07/turn               (no ring)

@: extremely drained
A: no striking features
a: no special abilities


You were on level 1 of the Dungeon.
You visited 1 branch of the dungeon, and saw 1 of its levels.

You collected 6 gold pieces.

Inventory:

Armour
 a - a +0 robe (worn)


   Skills:
 + Level 3.7 Fighting
 - Level 2.4 Dodging
 - Level 1.5 Stealth
 * Level 3.4 Unarmed Combat


You couldn't memorise any spells.
You didn't know any spells.
Your spell library was empty.

Dungeon Overview and Level Annotations

Branches:
Dungeon (1/15)

Altars:


Message History

You closely miss the kobold. The kobold closely misses you.
You barely miss the kobold. The kobold barely misses you.
You are confused.
You feel invigorated.
The kobold hits you with a +2 dagger of draining.
You feel drained.
The kobold hits you with a +2 dagger of draining.
You feel drained. The kobold barely misses you.
You feel less invigorated.
You feel less confused.
The kobold hits you with a +2 dagger of draining.
You feel drained.
You hit the kobold.
The kobold is severely wounded.
The kobold closely misses you.
You barely miss the kobold.
The kobold is severely wounded.
The kobold hits you with a +2 dagger of draining.
You feel drained.
You hit the kobold but do no damage.
The kobold is severely wounded.
The kobold hits you with a +2 dagger of draining.
* * * LOW HITPOINT WARNING * * *
You feel drained.
You closely miss the kobold.
The kobold is severely wounded.
The kobold closely misses you.
You barely miss the kobold.
The kobold is severely wounded.
The kobold barely misses you.
You barely miss the kobold.
The kobold is severely wounded.
The kobold hits you with a +2 dagger of draining.
* * * LOW HITPOINT WARNING * * *
You feel drained.
You closely miss the kobold.
The kobold is severely wounded.
The kobold hits you with a +2 dagger of draining.
You die...

....# ....# # ....
#. ... .##.. .g. #K#
#. ###@### #..
..##### #.....# #.#
#...... #.....# #.#
#...... #.....# #.#
#....## #.....####.#
#...##.
##......##.###...#..
#......##...#...##.
#.........#.#....##
#......##.#.#......


You could see a hobgoblin and a kobold.

Vanquished Creatures
  2 ball pythons (D:1)
  A goblin (D:1)
3 creatures vanquished.

Notes
Turn   | Place    | Note
-------+----------+-------------------------------------------
     0 | D:1      | avis the Hill Orc Monk began the quest for the Orb.
     0 | D:1      | Reached XP level 1. HP: 19/19 MP: 1/1
   105 | D:1      | Slain by a kobold

Illustrated notes

Levels and vault maps discovered:
D:1:      dpeg_arrival_shelter, layout_basic, serial_bayou_crossing

Action                   || total
-------------------------++-------
Melee: Unarmed           ||    19
  Use: Potion            ||     1
Armor: Robe              ||     3
Dodge: Dodged            ||    12

Table legend: (Time is in decaauts)
 A = Elapsed time spent in this place.
 B = Non-inter-level travel time spent in this place.
 C = Inter-level travel time spent in this place.
 D = Time resting spent in this place.
 E = Time spent auto-exploring this place.
 F = Levels seen in this place.
 G = Mean time per level.
                   A        B        C        D        E       F      G
               +--------+--------+--------+--------+--------+-----+--------+
         Total |    104 |    104 |      0 |      0 |     70 |   1 |  104.0 |
       Dungeon |    104 |    104 |      0 |      0 |     70 |   1 |  104.0 |
               +--------+--------+--------+--------+--------+-----+--------+

Top non-repeatable levels by time:
     D:1: 104 daAuts
